 Dungeon Crawl Stone Soup version 0.29-a0-275-g389c0b56f3 (webtiles) character file.

Game seed: 12659739183688359043

119311 Morbidden the Grappler (level 16, -11/149 HPs)
             Began as a Troll Air Elementalist on Mar 12, 2022.
             Was the Champion of Cheibriados.
             Collided with a rock wall (12 damage)
             ... caused by a merfolk aquamancer
             ... on level 2 of the Shoals.
             The game lasted 01:06:28 (36683 turns).

Morbidden the Grappler (Troll Air Elementalist)    Turns: 36683, Time: 01:06:28

Health: -11/149    AC: 18    Str: 41    XL:     16   Next: 27%
Magic:  32/47      EV: 17    Int: 37    God:    Cheibriados [******]
Gold:   1324       SH:  5    Dex: 25    Spells: 13/33 levels left

rFire   . . .      SeeInvis .     - Unarmed
rCold   . . .      Faith    .   (no shield)
rNeg    . . .      Spirit   .   B - +5 steam dragon scales
rPois   +          Reflect  +   Y - +3 hat of Pondering {ponderous, Will+ MP+10 Int+5}
rElec   .          Harm     .   n - +2 cloak {rPois}
rCorr   .          Rampage  .   (gloves unavailable)
Will    ++...                   (boots unavailable)
Stlth   +++.......              y - amulet of reflection
HPRegen 1.14/turn               Q - +6 ring of strength
MPRegen 0.30/turn               a - ring of the Kissing Priest {rPois MP+9}

@: very slow
A: large, unfitting armour, claws 3, regeneration 1, shaggy fur 1, tough skin 1
a: Renounce Religion, Bend Time, Temporal Distortion, Slouch, Step From Time


You were on level 2 of the Shoals.
You worshipped Cheibriados.
Cheibriados was exalted by your worship.
You visited 5 branches of the dungeon, and saw 26 of its levels.
You also visited: Gauntlet and Ice Cave.

You collected 2543 gold pieces.
You spent 1219 gold pieces at shops.

Inventory:

Missiles
 t - 18 boomerangs
 u - 26 poisoned darts
 x - 19 javelins (quivered)
 z - 6 throwing nets
 A - 5 silver boomerangs
 V - 11 large rocks
 Z - 4 curare-tipped darts
Armour
 k - +0 acid dragon scales
 n - a +2 cloak of poison resistance (worn)
 B - +5 steam dragon scales (worn)
 Y - the +3 hat of Pondering (worn) {ponderous, Will+ MP+10 Int+5}
   (You bought it in a shop on level 2 of the Orcish Mines)

   Int:       It affects your intelligence (+5).
   MP:        It affects your magic capacity (+10).
   Will:      It increases your willpower.
Magical Staves
 b - a staff of air
Jewellery
 a - the ring of the Kissing Priest (right claw) {rPois MP+9}
   (You found it in a Gauntlet)

   [ring of poison resistance]

   rPois:     It protects you from poison.
   MP:        It affects your magic capacity (+9).
 y - an amulet of reflection (around neck)
 D - a ring of poison resistance
 I - a ring of wizardry
 J - an amulet of regeneration
 Q - a +6 ring of strength (left claw)
Wands
 w - a wand of flame (44)
 E - a wand of digging (4)
 K - a wand of polymorph (17)
 M - a wand of paralysis (7)
 N - a wand of mindburst (6)
 P - a wand of iceblast (2)
 W - a wand of acid (2)
Scrolls
 c - 2 scrolls of magic mapping
 d - 6 scrolls of amnesia
 f - 4 scrolls of immolation
 g - 2 scrolls of brand weapon
 i - 3 scrolls of blinking
 l - 7 scrolls of teleportation
 q - 6 scrolls of enchant armour
 r - 4 scrolls of fog
 s - 2 scrolls of silence
 H - 4 scrolls of enchant weapon
 L - 6 scrolls of vulnerability
 R - 6 scrolls of identify
Potions
 e - 7 potions of curing
 h - 4 potions of attraction
 j - 2 potions of mutation
 m - 2 potions of invisibility {unknown}
 o - 4 potions of ambrosia
 p - 3 potions of resistance
 v - 2 potions of magic
 C - 3 potions of flight {unknown}
 F - 2 potions of lignification {unknown}
 G - 3 potions of brilliance {unknown}
 S - 3 potions of cancellation
 T - a potion of berserk rage {unknown}
 X - a potion of heal wounds
Miscellaneous
 O - a lightning rod (4/4)
 U - a tin of tremorstones (2/2)


   Skills:
 * Level 7.5 Fighting
 + Level 3.1 Throwing
 * Level 8.7 Dodging
 + Level 3.2 Stealth
 + Level 1.7 Shields
 * Level 13.2 Unarmed Combat
 * Level 9.0 Spellcasting
 + Level 2.1 Conjurations
 - Level 3.0 Summonings
 + Level 3.0 Necromancy
 * Level 4.7 Transmutations
 + Level 3.4 Ice Magic
 * Level 9.1 Air Magic
 + Level 3.0 Earth Magic
 * Level 7.4 Invocations
 + Level 1.0 Evocations


You had 13 spell levels left.
You knew the following spells:

 Your Spells              Type           Power      Damage    Failure   Level
a - Airstrike             Air            35%        N/A       1%          4
b - Shock                 Conj/Air       100%       1d9       1%          1
c - Ice Form              Ice/Tmut       47%        N/A       4%          4
d - Borgnjor's Vile Clut  Necr/Erth      19%        N/A       19%         5
s - Static Discharge      Conj/Air       55%        N/A       1%          2
z - Animate Armour        Summ/Erth      76%        N/A       7%          4

Your spell library contained the following spells:

 Spells                   Type           Power      Damage    Failure   Level
 Animate Skeleton         Necr           78%        N/A       1%          1
 Pain                     Necr           100%       1d9       1%          1
 Sandblast                Erth           76%        2d16      1%          1
 Passwall                 Tmut/Erth      37%        N/A       1%          2
 Frozen Ramparts          Ice            84%        1d10      1%          3
 Swiftness                Air            71%        N/A       1%          3
 Vampiric Draining        Necr           39%        2d8       1%          3
 Stone Arrow              Conj/Erth      70%        3d11      2%          3
 Dazzling Flash           Conj/Hex       48%        N/A       4%          3
 Summon Ice Beast         Ice/Summ       40%        N/A       6%          4
 Gell's Gravitas          Tloc           16%        N/A       7%          3
 Lesser Beckoning         Tloc           16%        N/A       7%          3
 Teleport Other           Tloc           16%        N/A       7%          3
 Tukima's Dance           Hex            16%        N/A       7%          3
 Animate Dead             Necr           19%        N/A       7%          4
 Blade Hands              Tmut           25%        N/A       10%         5
 Silence                  Hex/Air        25%        N/A       11%         5
 Anguish                  Hex/Necr       13%        N/A       13%         4
 Agony                    Necr           39%        N/A       19%         5
 Passage of Golubria      Tloc           16%        N/A       24%         4
 Fireball                 Conj/Fire      12%        3d7       38%         5
 Death Channel            Necr           19%        N/A       71%         6
 Iron Shot                Conj/Erth      17%        9d4       77%         6
 Starburst                Conj/Fire      12%        6d5       93%         6
 Enfeeble                 Hex            8%         N/A       100%        7
 Ignition                 Fire           8%         3d5       100%        8
 Lehudib's Crystal Spear  Conj/Erth      17%        10d5      100%        8


Dungeon Overview and Level Annotations

Branches:
Dungeon (15/15)            Temple (1/1) D:6            Lair (6/6) D:9
 Shoals (2/4) Lair:4       Spider (0/4) Lair:4        Slime (0/5) Lair:6
    Orc (2/2) D:12            Elf (0/3) Orc:2        Vaults (0/5) D:14
 Depths (0/4) D:15          IceCv (visited)         Gauntlet (visited)

Altars:
Ashenzari
Cheibriados
Dithmenos
Elyvilon
Fedhas
Gozag
Hepliaklqana
Kikubaaqudgha
Makhleb
Nemelex Xobeh
Okawaru
Qazlal
Ru
Sif Muna
Trog
Uskayaw
Vehumet
Wu Jian
Xom
Yredelemnul
Zin
The Shining One
Beogh

Shops:
D:1 [   D:9 ([   D:13 *   D:14 [   Orc:2 =([*

Annotations:
D:14 3 runed translucent doors, Tioph's ghost, journeyman DEFE
Orc:2 1 runed translucent door, Majang's ghost, journeyman TrDe


Innate Abilities, Weirdness & Mutations

You are too large for most types of armour.
You have claws for hands.
Your natural rate of healing is unusually fast.
You are covered in fur. (AC +1)
You have tough skin. (AC +1)


Message History

The sea snake is moderately wounded.
The sea snake bites you but does no damage.
The merfolk aquamancer casts a spell.
The merfolk aquamancer blinks!
Unknown command.
You scratch the sea snake but do no damage.
The sea snake is moderately wounded.
The sea snake bites you! You block the sea snake's attack.
The sea snake bites you!
Unknown command.
Unknown command.
Unknown command.
You miss the sea snake.
The sea snake is moderately wounded.
You block the sea snake's attack.
The sea snake bites you but does no damage.
Your animated steam dragon scales hits the sea snake!
Your animated steam dragon scales hits the sea snake.
The sea snake closely misses you.
Unknown command.
You mangle the sea snake!!
The sea snake is severely wounded.
The sea snake bites you. x2
* * * LOW HITPOINT WARNING * * *
You block the sea snake's attack.
Your animated steam dragon scales barely misses the sea snake.
Your animated steam dragon scales hits the sea snake!
Unknown command.
Unknown command.
Unknown command.
You claw the sea snake!
The sea snake is almost dead.
The sea snake closely misses you. The sea snake bites you!
* * * LOW HITPOINT WARNING * * *
The merfolk aquamancer casts a spell at you.
The torrent of water hits you!!
* * * LOW HITPOINT WARNING * * *
You are knocked back by the torrent of water.
You slam into the rock wall!
You die...

≈≈≈≈≈≈≈≈≈.P.≈P≈
≈≈≈≈≈≈≈<.P.P..≈
...P≈≈≈..##..P. #####
###.≈≈≈...)^.P> #....
#.≈...≈≈≈.≈P. +....
#.≈##..≈≈..≈. #....
#..###≈≈...≈.
#####''######.≈...≈≈PP≈≈P
≈≈≈≈.
......SS@[......P≈≈≈PP≈PP
≈≈≈.#
#......SS..#####.≈†≈PP≈≈≈
≈≈≈.#
#...P.PPP.m#...#.≈≈≈PPPP≈
≈≈≈.#
...............#.≈≈≈≈≈P≈.
.≈≈.# .....P..P......#
≈≈PP≈. ..≈.#
#..........#...# ......
....#####..P.P.....#####
......
...............)........
......
......≈≈............≈≈..
....##


You could see 4 sea snakes, a merfolk aquamancer and a friendly animated steam
dragon scales (summoned).

Vanquished Creatures
  Rupert (Orc:2)
  4 orc warlords
  2 minotaurs
  A merfolk impaler (Shoals:2)
  5 hydras
  Erolcha (Orc:2)
  2 centaur warriors
  2 merfolk avatars
  Erica (Lair:2)
  2 boulder beetles
  4 catoblepae
  6 two-headed ogres
  2 merfolk aquamancers (Shoals:2)
  Harold (D:9)
  A satyr (Shoals:2)
  16 death yaks
  An orc high priest (Orc:2)
  A tengu warrior (D:13)
  Urug (Orc:2)
  Sonja (Orc:2)
  5 skeletal warriors (D:12)
  9 sea snakes (Shoals:2)
  A flayed ghost (D:15)
  Pikel (D:5)
  3 orc knights
  2 deep elf pyromancers
  A necromancer (D:15)
  2 wizards (D:15)
  8 harpies (Shoals:2)
  A wolf spider zombie (D:15)
  6 orc sorcerers
  11 ugly things
  5 manticores
  14 fauns
  A salamander (shapeshifter) (D:15)
  4 merfolk sirens
  12 elephants
  3 cyclopes
  A torpor snail (Gauntlet)
  A centaur zombie (D:15)
  3 black mambas
  2 ice statues (IceCv)
  A water nymph (Shoals:1)
  2 centaur skeletons (D:15)
  4 kobold demonologists
  6 rime drakes
  A yaktaur (D:12)
  8 cane toads
  3 efreet
  A freezing wraith (IceCv)
  An anaconda simulacrum (IceCv)
  A rime drake (shapeshifter) (D:14)
  11 komodo dragons
  9 merfolk
  A polar bear (Lair:4)
  7 trolls
  A wind drake (Shoals:2)
  9 blink frogs
  3 snapping turtles
  7 dream sheep (Lair:3)
  A jumping spider (Lair:4)
  A slime creature (D:15)
  3 centaur simulacra (Gauntlet)
  2 vampires (D:14)
  2 culicivoras (Lair:4)
  3 shadows
  33 yaks
  2 water elementals
  4 wraiths
  4 wyverns
  4 fire bats (D:10)
  5 small abominations (Gauntlet)
  4 steam dragons
  6 vampire mosquitoes
  2 redbacks (Lair:4)
  2 large abominations (Gauntlet)
  Edmund (D:6)
  10 water moccasins
  A hell hound (D:9)
  9 wargs
  7 acid dragons
  A hydra simulacrum (Gauntlet)
  Duvessa (D:6)
  2 ice beasts
  3 black bears
  40 orc warriors
  2 sky beasts
  6 ogres
  11 centaurs
  23 wolves
  3 phantoms
  A lemure (D:6)
  Blork the orc (D:4)
  4 kobold brigands
  13 bullfrogs
  A two-headed ogre simulacrum (Orc:2)
  2 scorpions
  A cane toad simulacrum (Orc:2)
  Dowan (D:6)
  9 killer bees (D:9)
  3 elephant simulacra
  2 howler monkeys
  2 lava snakes (D:10)
  A hound (D:5)
  A gnoll shaman (D:9)
  2 jellies
  Crazy Yiuf (D:6)
  18 orc priests
  2 iguanas
  33 orc wizards
  13 hell rats
  3 spriggan simulacra (Orc:2)
  A polar bear simulacrum (Orc:2)
  A troll simulacrum (Orc:2)
  8 ogre zombies (D:12)
  15 gnolls
  3 adders
  2 shadow imps
  A white imp (D:7)
  2 ufetubi
  2 dart slugs
  72 orcs
  4 endoplasms
  4 giant cockroaches
  7 hobgoblins
  3 jackals (D:3)
  18 kobolds
  6 quokkas
  8 ball pythons
  3 bats
  3 frilled lizards
  6 goblins
  A goblin skeleton (D:12)
  A goblin zombie (D:12)
  A hobgoblin zombie (D:12)
  4 orc skeletons (D:12)
  18 orc zombies (D:12)
  4 rats
  2 fire vortices (D:10)
739 creatures vanquished.

Vanquished Creatures (collateral kills)
  Jorgrun (Orc:2)
  A hydra (D:14)
  A cyclops (D:15)
  2 blink frogs (Lair:2)
  An orc warrior (Orc:1)
6 creatures vanquished.

Vanquished Creatures (others)
  An orc priest (Orc:2)
  An orc wizard (D:7)
  25 demonic plants (Gauntlet)
  A fire vortex (D:10)
  32 fungi
  90 plants
  3 withered plants (Gauntlet)
153 creatures vanquished.

Grand Total: 898 creatures vanquished

Notes
Turn   | Place    | Note
-------+----------+-------------------------------------------
     0 | D:1      | Morbidden the Troll Air Elementalist began the quest for
                  | the Orb.
     0 | D:1      | Reached XP level 1. HP: 16/16 MP: 1/1
   342 | D:1      | Reached XP level 2. HP: 26/26 MP: 3/3
   401 | D:1      | Found Zaoved's Antique Armour Emporium.
  1064 | D:2      | Reached XP level 3. HP: 32/32 MP: 4/4
  1617 | D:3      | Reached skill level 1 in Unarmed Combat
  1694 | D:3      | Reached skill level 1 in Fighting
  1694 | D:3      | Reached XP level 4. HP: 36/40 MP: 5/5
  1937 | D:3      | Reached skill level 2 in Unarmed Combat
  2051 | D:3      | Identified the +4 dagger "Resog" {drain, rPois Will+}
  2233 | D:3      | Reached XP level 5. HP: 48/48 MP: 6/6
  2607 | D:4      | Reached skill level 1 in Conjurations
  2825 | D:4      | Noticed Blork the orc
  2835 | D:4      | Killed Blork the orc
  2882 | D:4      | Noticed a black bear
  2930 | D:4      | Killed a black bear
  2931 | D:4      | Reached skill level 3 in Unarmed Combat
  2931 | D:4      | Reached XP level 6. HP: 35/55 MP: 4/8
  3632 | D:5      | Entered Level 5 of the Dungeon
  3676 | D:5      | Reached XP level 7. HP: 59/63 MP: 9/9
  3731 | D:5      | Reached skill level 4 in Unarmed Combat
  4313 | D:5      | Reached skill level 1 in Throwing
  4759 | D:6      | Reached skill level 5 in Unarmed Combat
  4759 | D:6      | Reached XP level 8. HP: 64/74 MP: 5/10
  4809 | D:6      | Noticed Edmund
  4828 | D:6      | Killed Edmund
  4991 | D:6      | Found a staircase to the Ecumenical Temple.
  5015 | Temple   | Entered the Ecumenical Temple
  5393 | D:6      | Noticed Duvessa
  5401 | D:6      | Noticed Dowan
  5412 | D:6      | Killed Duvessa
  5416 | D:6      | Killed Dowan
  5489 | D:6      | Reached skill level 6 in Unarmed Combat
  5557 | D:6      | Noticed Pikel
  5604 | D:5      | Killed Pikel
  5605 | D:5      | Reached XP level 9. HP: 9/83 MP: 12/12
  6001 | D:6      | Reached skill level 7 in Unarmed Combat
  6006 | D:6      | Learned a level 2 spell: Static Discharge
  6011 | D:6      | Learned a level 4 spell: Airstrike
  6045 | D:6      | You fall into a shaft and drop 2 floors!
  6902 | D:7      | Found an ancient bone altar of Kikubaaqudgha.
  6904 | D:7      | Found a stormy altar of Qazlal.
  6904 | D:7      | Found an opulent altar of Gozag.
  6904 | D:7      | Found a burning altar of Makhleb.
  6907 | D:7      | Found a snail-covered altar of Cheibriados.
  6907 | D:7      | Found a broken altar of Ashenzari.
  6909 | D:7      | Found a glowing silver altar of Zin.
  6909 | D:7      | Found a glowing golden altar of the Shining One.
  6909 | D:7      | Found a hazy altar of Hepliaklqana.
  6911 | D:7      | Found a shadowy altar of Dithmenos.
  6911 | D:7      | Found a white marble altar of Elyvilon.
  6911 | D:7      | Found a hide-covered altar of Uskayaw.
  6915 | D:7      | Became a worshipper of Cheibriados the Contemplative
  7103 | D:6      | Reached skill level 1 in Invocations
  7316 | D:6      | Found a runed translucent door.
  7317 | D:6      | Noticed Crazy Yiuf
  7319 | D:6      | Identified the +10 mace of Big Damage {freeze, rPois rF+
                  | Will++}
  7324 | D:6      | Killed Crazy Yiuf
  7546 | D:7      | Reached skill level 8 in Unarmed Combat
  8207 | D:7      | Reached skill level 5 in Dodging
  8207 | D:7      | Reached XP level 10. HP: 81/92 MP: 14/14
  8469 | D:8      | Reached * piety under Cheibriados
  8665 | D:9      | Noticed a smoke demon
  8910 | D:9      | Found Hechisk's Hydra Hut.
  8917 | D:9      | Noticed a four-headed hydra
  8991 | D:9      | Found Byll's Armour Shoppe.
  8999 | D:9      | Noticed Harold
  9022 | D:9      | Killed Harold
  9023 | D:9      | Reached skill level 9 in Unarmed Combat
  9062 | D:9      | Reached ** piety under Cheibriados
  9873 | D:9      | Noticed a soul eater
  9884 | D:9      | Reached skill level 1 in Shields
 10062 | D:9      | Found a staircase to the Lair.
 10165 | D:10     | Entered Level 10 of the Dungeon
 10202 | D:10     | Noticed a two-headed ogre
 10212 | D:10     | Killed a two-headed ogre
 10269 | D:10     | Reached *** piety under Cheibriados
 10279 | D:10     | Reached XP level 11. HP: 93/101 MP: 16/16
 11570 | D:10     | Identified the +7 double sword of Haejyot {vorpal, Str+3}
 11683 | D:10     | Noticed a two-headed ogre
 11697 | D:10     | Killed a two-headed ogre
 11959 | D:11     | Reached skill level 10 in Unarmed Combat
 12043 | D:11     | Identified the +5 short sword of Ilagguha {chaos, *Rage
                  | Will+ rCorr Int+2}
 12480 | D:11     | Noticed a two-headed ogre
 12488 | D:11     | Killed a two-headed ogre
 12489 | D:11     | Reached skill level 5 in Air Magic
 12493 | D:11     | Reached skill level 5 in Spellcasting
 12617 | D:11     | Noticed a two-headed ogre
 12702 | D:11     | Reached **** piety under Cheibriados
 12826 | D:11     | Identified the +8 hunting sling of Narrow Action {vorpal,
                  | Will+ Str+4}
 13260 | D:11     | Killed a two-headed ogre
 13394 | Lair:1   | Entered Level 1 of the Lair of Beasts
 14429 | Lair:2   | Noticed Erica
 14448 | Lair:2   | Killed Erica
 15190 | Lair:2   | Reached XP level 12. HP: 110/110 MP: 2/19
 15197 | Lair:2   | Reached skill level 5 in Fighting
 15386 | Lair:2   | Reached ***** piety under Cheibriados
 15515 | Lair:2   | Learned a level 4 spell: Ice Form
 15637 | Lair:2   | Noticed a boulder beetle
 15685 | Lair:2   | Killed a boulder beetle
 16095 | Lair:3   | Found a gate leading to a gauntlet.
 16104 | Gauntlet | Entered a Gauntlet
 16104 | Gauntlet | Found a transporter.
 16104 | Gauntlet | Found a transporter.
 16108 | Gauntlet | Found a transporter.
 16108 | Gauntlet | Found a transporter.
 16121 | Gauntlet | Found a transporter.
 16140 | Gauntlet | Found a transporter.
 16140 | Gauntlet | Found a transporter.
 16140 | Gauntlet | Found a transporter.
 16143 | Gauntlet | Found a transporter.
 16147 | Gauntlet | Noticed a great orb of eyes
 16170 | Gauntlet | Found a transporter.
 16177 | Gauntlet | Found a transporter.
 16195 | Gauntlet | Found a transporter.
 16241 | Gauntlet | Found a transporter.
 16255 | Gauntlet | Found a transporter.
 16355 | Gauntlet | Found a transporter.
 16358 | Gauntlet | Noticed an entropy weaver
 16369 | Gauntlet | Found a transporter.
 16528 | Gauntlet | Reached skill level 11 in Unarmed Combat
 16546 | Gauntlet | Identified the +2 scale mail "Giokigre" {rC+ rN+ Dex+3}
 16683 | Gauntlet | Reached skill level 1 in Transmutations
 16691 | Gauntlet | Identified the ring of the Kissing Priest {rPois MP+9}
 16757 | Gauntlet | Reached skill level 1 in Ice Magic
 16969 | Gauntlet | Noticed a minotaur
 16971 | Gauntlet | Identified the +3 hunting sling "Ogrebane" {freeze, Str+5
                  | Int-4 Dex-3}
 16977 | Gauntlet | Killed a minotaur
 17309 | Lair:3   | Reached skill level 5 in Invocations
 17376 | Lair:3   | Noticed a death yak
 17376 | Lair:3   | Noticed a death yak
 17376 | Lair:3   | Noticed a death yak
 17376 | Lair:3   | Noticed a death yak
 17376 | Lair:3   | Noticed a death yak
 17387 | Lair:3   | Killed a death yak
 17396 | Lair:3   | Killed a death yak
 17396 | Lair:3   | Killed a death yak
 17396 | Lair:3   | Noticed a death yak
 17397 | Lair:3   | Killed a death yak
 17402 | Lair:3   | Killed a death yak
 17408 | Lair:3   | Killed a death yak
 17409 | Lair:3   | Reached XP level 13. HP: 62/119 MP: 21/21
 17949 | Lair:4   | Found a staircase to the Shoals.
 17953 | Lair:4   | HP: 7/142 [merfolk siren/+0 spear (8)]
 19253 | Lair:4   | Found a hole to the Spider Nest.
 19791 | Lair:5   | Learned a level 5 spell: Borgnjor's Vile Clutch
 19813 | Lair:5   | Found a runed translucent door.
 19947 | Lair:5   | Reached ****** piety under Cheibriados
 21106 | Lair:6   | Entered Level 6 of the Lair of Beasts
 21115 | Lair:6   | Reached skill level 1 in Necromancy
 21121 | Lair:6   | Reached skill level 1 in Earth Magic
 21862 | Lair:6   | Found a staircase to the Slime Pits.
 22147 | Lair:6   | Noticed Nessos
 22148 | Lair:6   | Reached XP level 14. HP: 108/130 MP: 18/23
 22148 | Lair:6   | Noticed Nessos
 22148 | Lair:6   | Nessos changed into Nessos the manticore
 22160 | Lair:6   | Killed Nessos the manticore
 22175 | Lair:6   | Reached skill level 1 in Evocations
 22639 | Lair:6   | Reached skill level 12 in Unarmed Combat
 23536 | Lair:6   | Learned a level 4 spell: Animate Armour
 25018 | D:12     | Found a staircase to the Orcish Mines.
 25765 | D:13     | Found Wirergh's General Store.
 26597 | D:14     | Found Biqurr's Armour Boutique.
 26766 | D:14     | Found a gate to the Vaults.
 27311 | D:14     | Found a runed translucent gate.
 27314 | D:14     | Found a runed translucent gate.
 27314 | D:14     | Found a runed translucent gate.
 27320 | D:14     | Noticed Tioph's ghost (journeyman DEFE)
 27954 | D:15     | Entered Level 15 of the Dungeon
 28172 | D:15     | Reached skill level 1 in Summonings
 28364 | D:15     | Reached XP level 15. HP: 56/139 MP: 25/25
 28912 | D:15     | Found a staircase to the Depths.
 29082 | Orc:1    | Entered Level 1 of the Orcish Mines
 29706 | Orc:2    | Entered Level 2 of the Orcish Mines
 29765 | Orc:2    | Noticed an orc warlord
 29785 | Orc:2    | Killed an orc warlord
 29813 | Orc:2    | Found a frozen archway.
 29956 | IceCv    | Entered an ice cave
 30017 | IceCv    | Found a transporter.
 30034 | IceCv    | Found a transporter.
 30129 | Orc:2    | Noticed Sonja
 30136 | Orc:2    | Killed Sonja
 30137 | Orc:2    | Noticed Rupert
 30164 | Orc:2    | Killed Rupert
 30199 | Orc:2    | Paralysed by an orc sorcerer for 2 turns
 30217 | Orc:2    | Noticed Erolcha
 30224 | Orc:2    | Killed Erolcha
 30294 | Orc:2    | Noticed an orc warlord
 30305 | Orc:2    | Killed an orc warlord
 30353 | Orc:2    | Noticed Urug
 30361 | Orc:2    | Killed Urug
 30916 | Orc:2    | Found Cibil's Jewellery Shop.
 30929 | Orc:2    | Found Binyome's Antique Weapon Shop.
 30933 | Orc:2    | Found Can Wysm's General Store.
 30984 | Orc:2    | Found a staircase to the Elven Halls.
 31054 | Orc:2    | Found a runed translucent door.
 31058 | Orc:2    | Noticed Majang's ghost (journeyman TrDe)
 31263 | Orc:2    | Noticed Jorgrun
 31274 | Orc:2    | Killed Jorgrun
 31536 | Orc:2    | Found Mitt's Antique Armour Shop.
 31573 | Orc:2    | Bought the +3 hat of Pondering {ponderous, Will+ MP+10
                  | Int+5} for 1219 gold pieces
 31573 | Orc:2    | Found the +3 hat of Pondering {ponderous, Will+ MP+10
                  | Int+5}
 31844 | Orc:1    | Noticed an orc warlord
 32009 | Orc:1    | Noticed an orc warlord
 32021 | Orc:1    | Killed an orc warlord
 32608 | Orc:1    | Killed an orc warlord
 32848 | Orc:1    | You fall into a shaft and drop 1 floor!
 33583 | Shoals:1 | Entered Level 1 of the Shoals
 33679 | Shoals:1 | Reached skill level 13 in Unarmed Combat
 35006 | Shoals:2 | Reached XP level 16. HP: 134/149 MP: 4/27
 36683 | Shoals:2 | HP: 1/149 [merfolk aquamancer/torrent of water (27)]
 36683 | Shoals:2 | Collided with a rock wall

Illustrated notes

Levels and vault maps discovered:
D:1:      minmay_arrival_split_and_join, layout_basic, serial_shops, shop
D:2:      layout_loops_ring
D:3:      layout_loops_ring, st_stairs_9
D:4:      layout_basic, grunt_decor_junction, uniq_blork_the_orc
D:5:      layout_loops_corners
D:6:      layout_cave_pools, temple_fountains, uniq_duvessa,
          uniq_crazy_yiuf_cottage, uniq_pikel, uniq_edmund
D:7:      layout_loops_corners, nicolae_overflows_in_rows,
          minmay_fractal_squares_5
D:8:      layout_basic
D:9:      layout_cave_pods, lair_entry_dummy, serial_shops,
          nicolae_take_the_stairs, doesnt_shop_hydraphobe, uniq_harold
D:10:     layout_loops_corners, corexii_leaking_fountain, hangedman_incinerator
D:11:     layout_roguey
D:12:     layout_basic, zombieorc2_lemuel, feat_on_display
D:13:     layout_basic, serial_shops, nicolae_shop_hallway_plus
D:14:     layout_cave_pools, david_vaults_1, serial_shops,
          nicolae_shop_hallway_plus, maelrawn_ghost_gauntlet_escape,
          hangedman_abyss_or_decor_stagger
D:15:     grunt_enter_depths_magical_seal, layout_basic,
          minmay_misc_feat_four_crosses, kennysheep_four_rooms
Temple:   jpeg_temple_alley_garden
Lair:1:   layout_regular_city, infiniplex_staircase_pool
Lair:2:   layout_cave_pods, nicolae_quartered_pool_little,
          grunt_forest_large_clearing_hut, uniq_erica
Lair:3:   statuecave_lemuel, layout_hall_layers, gauntlet_entry_generic,
          serial_bayou_shore_b, lemuel_fruit_tree
Lair:4:   layout_roguey, elwin_shoals_entry_stream,
          spider_nest_entry_funnel_web, lemuel_fruit_fields
Lair:5:   dreamdust_labyrinth, layout_regular_city, grunt_megastairs_1
Lair:6:   evilmike_catoblepas_cave, layout_loops_ring, slime_dummy,
          serial_bayou_shore_b, grunt_megastairs_5, infiniplex_staircase_pool_2,
          uniq_nessos
Shoals:1: layout_shoals
Shoals:2: cheibrodos_shoals_three_sisters, layout_shoals, nzn_prometheus_bound
Orc:1:    layout_diamond_mine, basic_altar
Orc:2:    grunt_orc_cross, layout_caves, portal_ice_cave_entry_ice_simulacra,
          ebering_ghost_inner_flame, uniq_jorgrun, uniq_sonja, uniq_erolcha,
          uniq_rupert

Skill      XL: |  1  2  3  4  5  6  7  8  9 10 11 12 13 14 15 16 |
---------------+-------------------------------------------------+-----
Unarmed Combat | 1 2 3 5 6 8 9 10 11 12 13 | 13.2
Fighting       | 1 2 3 4 5 6 7 |  7.5
Dodging        | 2 3 4 5 6 7 8 |  8.7
Conjurations   | 1 2 |  2.1
Spellcasting   | 2 3 4 5 6 7 8 9 |  9.0
Throwing       | 1 2 3 |  3.1
Air Magic      | 3 4 5 6 7 8 9 |  9.1
Invocations    | 1 2 4 5 6 7 |  7.4
Stealth        | 2 3 |  3.2
Shields        | 1 |  1.7
Transmutations | 1 2 3 4 |  4.7
Ice Magic      | 1 2 3 |  3.4
Necromancy     | 2 3 |  3.0
Earth Magic    | 1 2 3 |  3.0
Evocations     | 1 |  1.0
Summonings     | 1 2 3 |  3.0

Action                   |  1- 3 |  4- 6 |  7- 9 | 10-12 | 13-15 | 16-18 || total
-------------------------+-------+-------+-------+-------+-------+-------++-------
Melee: Unarmed           |    87 |   121 |   282 |   425 |   734 |    23 ||  1672
       Punch             |       |     4 |    15 |    24 |    61 |     3 ||   107
       Staff             |       |       |       |       |     3 |     3 ||     6
Throw: Dart              |       |     6 |    36 |     9 |    25 |       ||    76
       Javelin           |       |       |     5 |       |    11 |     1 ||    17
       Boomerang         |       |       |     3 |     9 |    52 |       ||    64
       Large rock        |       |       |       |       |    11 |       ||    11
 Cast: Shock             |    17 |    35 |    52 |    71 |     7 |       ||   182
       Airstrike         |       |       |     2 |    86 |   541 |   100 ||   729
       Static Discharge  |       |       |       |     1 |       |       ||     1
       Ice Form          |       |       |       |     2 |     4 |       ||     6
       Borgnjor's Vile C |       |       |       |       |     8 |       ||     8
       Animate Armour    |       |       |       |       |     4 |     2 ||     6
Invok: Slouch            |       |       |       |     4 |     8 |       ||    12
Evoke: Wand              |       |       |     2 |    21 |    13 |       ||    36
       Lightning rod     |       |       |       |     4 |     3 |       ||     7
       Tin of tremorston |       |       |       |       |     2 |       ||     2
  Use: Scroll            |       |       |    21 |     9 |    14 |       ||    44
       Potion            |       |       |       |     3 |     2 |       ||     5
 Stab: Sleeping          |     3 |     2 |       |     2 |     3 |       ||    10
       Paralysed         |       |       |       |       |     5 |       ||     5
Armor: Robe              |    34 |    35 |    57 |       |       |       ||   126
       Steam dragon scal |       |       |    11 |   200 |   256 |    25 ||   492
       Skin              |       |       |       |     4 |    28 |       ||    32
Dodge: Dodged            |    36 |    73 |    82 |   316 |   559 |    50 ||  1116
Block: Other             |       |       |    20 |    72 |    11 |    15 ||   118
       Reflection        |       |       |     2 |     3 |     1 |     2 ||     8

Table legend: (Time is in decaauts)
 A = Elapsed time spent in this place.
 B = Non-inter-level travel time spent in this place.
 C = Inter-level travel time spent in this place.
 D = Time resting spent in this place.
 E = Time spent auto-exploring this place.
 F = Levels seen in this place.
 G = Mean time per level.
                   A        B        C        D        E       F      G
               +--------+--------+--------+--------+--------+-----+--------+
         Total |  48409 |  45320 |   3089 |   3256 |  34844 |  28 | 1728.9 |
       Dungeon |  23060 |  21403 |   1657 |   1822 |  16203 |  15 | 1537.3 |
        Temple |    249 |    197 |     52 |      0 |    188 |   1 |  249.0 |
          Lair |  13838 |  12994 |    844 |    878 |  10558 |   6 | 2306.3 |
        Shoals |   4143 |   4130 |     13 |      5 |   3544 |   2 | 2071.5 |
  Orcish Mines |   5475 |   4953 |    522 |    252 |   3781 |   2 | 2737.5 |
      Ice Cave |    196 |    196 |      0 |      0 |     51 |   1 |  196.0 |
      Gauntlet |   1444 |   1444 |      0 |    297 |    518 |   1 | 1444.0 |
               +--------+--------+--------+--------+--------+-----+--------+

Top non-repeatable levels by time:
  Lair:6: 3181 daAuts
   Orc:2: 3148 daAuts
  Lair:5: 2816 daAuts
  Lair:4: 2698 daAuts
    D:10: 2493 daAuts
   Orc:1: 2326 daAuts
    D:13: 2307 daAuts
  Lair:2: 2299 daAuts
Shoals:2: 2177 daAuts
     D:9: 2048 daAuts
    D:14: 2043 daAuts
Shoals:1: 1966 daAuts
    D:11: 1927 daAuts
    D:12: 1621 daAuts
    D:15: 1607 daAuts
